Map: Cyber Forest LE

Players

liquidthermy (uThermal)

  • Race: Terran Terran
  • Spawn Location: 5:00

Harstem - Winner!

  • Race: Protoss Protoss
  • League: Grandmaster
  • Spawn Location: 11:00

Event: HomeStory Cup XIX

VOD

Have the link to the VOD?

Description

Time

  • Played on: June 29, 2019, 7:41 a.m.
  • Length: 4:35

All games in this series

Show
View Real Time Build Order
Export as new Build Order

liquidthermy Terran 

Build Orders: Gas First Reaper Expand, Hellion Opening 

Get SALT Encoding   

  12  0:01  SCV  
  13  0:13  SCV  
  14  0:16  Supply Depot  
  14  0:25  SCV  
  14  0:27  Refinery  
  15  0:38  SCV  
  16  0:44  Barracks  
  16  0:50  SCV  
  17  1:02  SCV  
  18  1:14  SCV  
  19  1:30  Orbital Command, Reaper  
  20  1:43  Command Center  
  20  1:53  Factory  
  20  1:57  SCV  
  21  2:05  Barracks Reactor  
  21  2:09  SCV  
  21  2:12  Supply Depot  
  22  2:21  SCV  
  23  2:33  SCV  
  26  2:37  Hellion  
  26  2:42  Marine x2, Starport  
  28  2:45  SCV  
  29  2:54  Orbital Command  
  29  2:58  SCV  
  30  2:59  Hellion  
  30  3:00  Marine x2  
  34  3:10  SCV  
  35  3:13  Supply Depot  
  35  3:20  Medivac  
  35  3:21  SCV  
  35  3:22  SCV  
  35  3:26  Hellion x2  
  35  3:27  Marine  
  43  3:31  Refinery  
  44  3:34  Refinery  
  44  3:35  SCV x2  
  46  3:45  Barracks Tech Lab  
  46  3:47  SCV, Hellion x2  
  51  3:51  SCV  
  51  3:52  Supply Depot  
  52  3:59  SCV  
  53  4:03  Marine  
  53  4:08  Starport Reactor  
  54  4:14  SCV  
  54  4:15  Barracks  
  55  4:18  Factory Tech Lab  
Show
View Real Time Build Order
Export as new Build Order

Harstem Protoss - Winner!

Build Orders: 1 Gate Expand, Dark Templar Rush 

Get SALT Encoding   

  12  0:00  Probe  
  13  0:13  Probe  
  14  0:19  Pylon  
  14  0:25  Probe  
  15  0:33  Probe  
  15  0:34  Assimilator  
  15  0:41  Probe  
  16  0:46  Gateway  
  17  0:51  Probe  
  18  1:03  Probe  
  19  1:15  Probe  
  20  1:22  Nexus  
  20  1:33  Cybernetics Core  
  20  1:35  Probe  
  21  1:40  Assimilator  
  21  1:47  Probe  
  21  1:50  Pylon  
  22  1:59  Probe, Adept  
  23  2:11  Probe, Warp Gate  
  26  2:17  Twilight Council  
  26  2:19  Stalker  
  26  2:23  Probe  
  29  2:30  Probe  
  29  2:36  Probe  
  30  2:38  Probe  
  31  2:48  Robotics Facility  
  31  2:50  Probe  
  32  2:51  Probe  
  33  3:02  Probe  
  34  3:06  Stalker  
  34  3:08  Dark Shrine  
  34  3:10  Shield Battery  
  35  3:18  Probe  
  38  3:25  Gateway  
  38  3:26  Probe  
  38  3:29  Warp Prism  
  39  3:34  Pylon  
  39  3:41  Probe  
  41  3:43  Probe  
  42  3:53  Probe  
  42  3:55  Probe  
  44  3:56  Gateway  
  44  3:59  Assimilator  
  44  4:05  Probe  
  44  4:06  Observer  
  44  4:07  Probe  
  47  4:15  Stalker  
  49  4:17  Probe, Pylon  
Tags
 
Add a new tag
Caveats
  • Supply blocks, unpowered buildings, or Contaminate may cause inaccurate times.
  • Supply counts are checked every 10 seconds.